 Dungeon Crawl Stone Soup version 0.16-a0-3593-g1073268 (console) character file.

26986 MarvinPA the Destroyer (level 12, -13/110 HPs)
             Began as a Demigod Conjurer on Jan 11, 2015.
             Engulfed by a cloud of freezing vapour (30 damage)
             ... in an ice cave.
             The game lasted 01:17:34 (20562 turns).

MarvinPA the Destroyer (Demigod Conjurer)          Turns: 20562, Time: 01:17:34

Health: -13/110    AC:  1    Str: 11    XL:     12   Next: 65%
Magic:  32/32      EV: 17    Int: 29    God:
Gold:   580        SH:  0    Dex: 16    Spells: 5 memorised, 15 levels left

rFire  + + .     SeeInvis .     a - staff of conjuration
rCold  . . .     Rnd*Rage +     C - -3 robe "Utsefuh" {+Rage +Inv rF+ rC- Stlth-} (curse)
rNeg   . . .     SustAb   +     (no shield)
rPois  .         Gourm    .     q - +2 helmet
rElec  .         Spirit   .     r - +1 cloak
rCorr  .         Warding  .     D - -2 pair of gloves "Fyahueh" {*Rage +Rage rF+ Stlth+} (curse)
rMut   +         Stasis   .     (no boots)
MR     +....                    O - amulet of resist mutation (curse)
Stlth  ++........               v - ring of protection from cold
                                x - -2 ring of protection (curse)

@: somewhat resistant to hostile enchantments, unstealthy
A: clever 1, robust 1, sustain abilities
a: Evoke Berserk Rage, Evoke Invisibility


You were in an ice cave.
You were not hungry.

You visited 2 branches of the dungeon, and saw 13 of its levels.
You also visited: Ossuary and Ice Cave.

You collected 780 gold pieces.
You spent 200 gold pieces at shops.


Innate Abilities, Weirdness & Mutations

Your attributes are resistant to harm.
Your mind is acute. (Int +2)
You are robust (+10% HP).


   Skills:
 + Level 7.2 Fighting
 - Level 8.0 Dodging
 - Level 1.7 Stealth
 - Level 9.8 Spellcasting
 + Level 13.4 Conjurations
 - Level 4.3 Charms


You had 15 spell levels left.
You knew the following spells:

 Your Spells              Type           Power        Failure   Level  Hunger
c - Iskenderun's Mystic   Conj           #######.     1%          4    None
v - Dazzling Spray        Conj/Hex       ######..     1%          3    None
x - Searing Ray           Conj           ######       1%          2    None
z - Magic Dart            Conj           ####         0%          1    None
X - Iskenderun's Battles  Conj/Chrm      #######.     3%          5    ###....

Inventory:

Hand weapons
 b - the +1 war axe of Thuddorr {speed, rPois MP+5 Stlth+}
   (You found it on level 7 of the Dungeon)

   Attacks with this weapon are significantly faster.
   It protects you from poison.
   It affects your magic capacity (+5).
   It makes you more stealthy.
 c - a +0 blowgun
Missiles
 s - 7 throwing nets (quivered)
 V - 2 curare-tipped needles
Armour
 h - a +2 robe of magic resistance
 q - a +2 helmet (worn)
 r - a +1 cloak (worn)
 C - the cursed -3 robe "Utsefuh" (worn) {+Rage +Inv rF+ rC- Stlth-}
   (You found it on level 5 of the Dungeon)

   It protects you from fire.
   It makes you vulnerable to cold.
   It lets you turn invisible.
   It lets you go berserk.
   It makes you less stealthy.
   It has a curse placed upon it.
 D - the cursed -2 pair of gloves "Fyahueh" (worn) {*Rage +Rage rF+ Stlth+}
   (You found it on level 8 of the Dungeon)

   It protects you from fire.
   It lets you go berserk.
   It may make you go berserk in combat.
   It makes you more stealthy.
   It has a curse placed upon it.
Magical staves
 a - an uncursed staff of conjuration (weapon)
 o - an uncursed staff of air
Jewellery
 g - the amulet of Uvaquit {Spirit HP+5 MP+5, unknown}
   (You found it on level 2 of the Lair of Beasts)

   [amulet of guardian spirit]

   It causes incoming damage to be split between your health and magic.
   It affects your health (+5).
   It affects your magic capacity (+5).
 j - an uncursed ring of poison resistance
 k - a +5 ring of protection
 u - an uncursed ring of protection from magic
 v - a ring of protection from cold (right hand)
 w - a +3 ring of evasion
 x - a cursed -2 ring of protection (left hand)
 O - a cursed amulet of resist mutation (around neck)
Magical devices
 l - a wand of draining (0)
 n - a wand of cold (5)
 t - a wand of paralysis (3)
 K - a wand of polymorph (10)
Scrolls
 y - a scroll of vulnerability {!r}
 E - 3 scrolls of magic mapping
 I - 2 scrolls of immolation {!r}
 M - 3 scrolls of teleportation
 Q - 3 scrolls of blinking
 R - 3 scrolls of fog
Potions
 d - a potion of cancellation {unknown}
 e - 3 potions of curing
 f - 3 potions of haste
 i - a potion of might
 p - a potion of degeneration {unknown}
 z - a potion of magic
 A - a potion of berserk rage {unknown}
 B - 3 potions of heal wounds
 U - a potion of brilliance
 Z - 2 potions of agility {unknown}
Books
 m - a book of Ice
 F - a book of Ice
Comestibles
 X - 5 royal jellies

Dungeon Overview and Level Annotations

Branches:
Dungeon (11/15)            Temple (0/1) D:7            Lair (2/8) D:10
    Orc: D:9-12

Shops:
D:5

* #.####. #.....# ##..### ###
##...# ##.## #≈≈ #..## ##.#.##
≈≈≈≈## ##... #)#.#)# ######
≈#≈#≈≈## ###. ##.#.#####..#####
≈≈≈≈≈≈≈≈####.. ##.#.##...####p#
≈≈≈≈≈≈≈≈≈≈###. ####....#######
#≈≈#≈≈≈≈ ### ##...####
#####≈≈≈####≈≈ ###...##
###...##≈≈≈#≈≈## #....##
##..##..≈#÷≈≈≈## #.....##
#÷.#####.≈≈#≈≈≈##
###....##########..#..#######≈≈≈
###...##...##...#..#.###.###≈≈
###...##.).########.#.⌠.####


There were no monsters in sight!


Message History

(? for menu, Esc to cancel) < or
k - a +5 ring of protection; > or
v - a ring of protection from cold You remove your +5 ring of protection.
Oops, that ring feels deathly cold.
x - a cursed -2 ring of protection (left hand)
Enter note: not good You see here a battleaxe of freezing.
Found an ice covered gate leading back out of this place.
There is an ice covered gate leading back out of this place here.
You see here a battleaxe of freezing.
Found 17 gold pieces.
You now have 576 gold pieces (gained 13).
You now have 580 gold pieces (gained 4).
There is a fountain of sparkling water here.
You enter the shallow water.
Moving in this stuff is going to be slow.
You see here a polar bear skeleton.
Partly explored, can't reach some places.
Why would you want to do that?
You see here a battleaxe of freezing.
Really walk into that cloud of freezing vapour?
You are engulfed in freezing vapours.
You are engulfed in freezing vapours.
You are engulfed in freezing vapours.
* * * LOW HITPOINT WARNING * * *
You are engulfed in freezing vapours.
* * * LOW HITPOINT WARNING * * *
There is an ice covered gate leading back out of this place here.
You are engulfed in freezing vapours.
You die...

Action                   |  1- 3 |  4- 6 |  7- 9 | 10-12 || total
-------------------------+-------+-------+-------+-------++-------
Melee: Unarmed           |    10 |       |       |       ||    10
       Dagger            |       |    12 |    70 |       ||    82
       Staff             |       |       |     2 |    24 ||    26
 Fire: Blowgun           |       |       |       |     7 ||     7
Throw: Throwing net      |       |       |       |     1 ||     1
 Cast: Magic Dart        |    70 |   109 |   192 |   361 ||   732
       Searing Ray       |     2 |    22 |    52 |   132 ||   208
       Dazzling Spray    |       |    10 |    11 |    21 ||    42
       Iskenderun's Myst |       |       |    33 |    68 ||   101
       Iskenderun's Batt |       |       |     1 |    29 ||    30
Evoke: Wand              |       |       |       |     7 ||     7
  Use: Scroll            |       |     5 |    14 |     8 ||    27
       Potion            |       |       |     2 |     8 ||    10
  Eat: Chunk             |     2 |     7 |    19 |    27 ||    55
       Beef jerky        |       |     2 |       |     4 ||     6
       Pizza             |       |       |       |     2 ||     2
       Royal jelly       |       |       |       |     2 ||     2

Vault maps used:
D:1:      scummos_arrival_star, tso_metal_star
D:2:      nicolae_qazlal_general_emergency, uniq_jessica,
          uniq_crazy_yiuf_cottage, uniq_robin
D:3:      minmay_overflow_temple_star_quad
D:4:      enter_ossuary_5, uniq_sigmund
D:5:      first_bread, serial_shops, shop, sword_in_stone
D:6:      basic_altar
D:7:      nicolae_whirlpool, minmay_temple_entry_nine_rooms, basic_altar,
          uniq_blork_the_orc, uniq_eustachio, uniq_prince_ribbit1, uniq_edmund
D:8:      grunt_temple_overflow_bloody_war, old_standard_altar, uniq_erolcha
D:9:      beetle_altar_2, basic_altar
D:10:     minmay_lair_entry_lava, david_nohive_1
D:11:     minivault_14, uniq_harold
Lair:1:   st_stairs_4, uniq_gastronok
Lair:2:   portal_ice_cave_entry_imps, serial_bayou_shore_a
Ossuary:  ossuary_tomb_2
IceCv:    ice_cave_caverns_03

Notes
Turn   | Place    | Note
--------------------------------------------------------------
     0 | D:1      | MarvinPA, the Demigod Conjurer, began the quest for the Orb.
     0 | D:1      | Reached XP level 1. HP: 14/14 MP: 3/3
   170 | D:1      | Reached skill level 2 in Spellcasting
   366 | D:1      | Found a glowing golden altar of the Shining One.
   483 | D:1      | Reached XP level 2. HP: 20/20 MP: 0/5
   539 | D:1      | Learned a level 2 spell: Searing Ray
   854 | D:2      | Reached skill level 4 in Conjurations
  1023 | D:2      | Reached XP level 3. HP: 26/26 MP: 5/8
  1235 | D:2      | Found a stormy altar of Qazlal.
  1556 | D:2      | Noticed Jessica
  1559 | D:2      | Killed Jessica
  1612 | D:2      | Noticed Robin
  1668 | D:2      | Killed Robin
  1668 | D:2      | Reached skill level 3 in Spellcasting
  1668 | D:2      | Reached XP level 4. HP: 33/33 MP: 1/12
  1810 | D:1      | Learned a level 3 spell: Dazzling Spray
  2032 | D:2      | Noticed Crazy Yiuf
  2041 | D:2      | Killed Crazy Yiuf
  2168 | D:3      | Found a sacrificial altar of Ru.
  2212 | D:3      | Found a basalt altar of Yredelemnul.
  2217 | D:3      | Found a burning altar of Makhleb.
  2513 | D:3      | Reached XP level 5. HP: 38/38 MP: 11/14
  2548 | D:3      | Learned a level 4 spell: Iskenderun's Mystic Blast
  2882 | D:3      | Reached skill level 5 in Conjurations
  3196 | D:3      | Reached skill level 4 in Spellcasting
  3634 | D:4      | Noticed Sigmund
  3640 | D:4      | Killed Sigmund
  3640 | D:4      | Reached XP level 6. HP: 45/45 MP: 6/18
  3782 | D:4      | Found a sand-covered staircase.
  3817 | Ossuary  | Entered an ossuary
  4287 | Ossuary  | Reached skill level 5 in Spellcasting
  4287 | Ossuary  | Reached skill level 6 in Conjurations
  4287 | Ossuary  | Reached XP level 7. HP: 47/50 MP: 5/21
  4653 | Ossuary  | Learned a level 5 spell: Iskenderun's Battlesphere
  4883 | D:4      | Noticed a phantom
  4889 | D:4      | Killed a phantom
  4889 | D:4      | Reached skill level 1 in Charms
  5339 | D:4      | Reached skill level 2 in Charms
  5504 | D:3      | Reached skill level 7 in Conjurations
  5586 | D:5      | Entered Level 5 of the Dungeon
  5802 | D:5      | Reached XP level 8. HP: 57/57 MP: 15/23
  5857 | D:5      | Reached skill level 3 in Charms
  5869 | D:5      | Noticed Eustachio
  5873 | D:5      | Killed Eustachio
  5945 | D:5      | Reached skill level 4 in Charms
  6179 | D:5      | Reached skill level 8 in Conjurations
  6207 | D:5      | Got a silken robe
  6288 | D:5      | Found Ruamoi's General Store.
  6301 | D:5      | Bought a potion of heal wounds for 50 gold pieces
  6301 | D:5      | Bought a scroll of identify for 20 gold pieces
  6301 | D:5      | Bought a scroll of identify for 20 gold pieces
  6301 | D:5      | Bought a scroll of enchant weapon for 75 gold pieces
  6301 | D:5      | Bought a scroll of immolation for 35 gold pieces
  6827 | D:6      | Found a blossoming altar of Fedhas.
  7244 | D:6      | Reached skill level 6 in Spellcasting
  7348 | D:7      | Noticed ConnectionFaild's ghost (experienced SpAr)
  7351 | D:7      | Killed ConnectionFaild's ghost
  7351 | D:7      | Reached skill level 2 in Dodging
  7438 | D:7      | Reached XP level 9. HP: 57/62 MP: 2/25
  7605 | D:7      | Reached skill level 3 in Dodging
  7771 | D:7      | Reached skill level 9 in Conjurations
  7816 | D:7      | Reached skill level 4 in Dodging
  7919 | D:7      | Got a slimy war axe
  7920 | D:7      | Noticed Edmund
  7929 | D:7      | Killed Edmund
  8200 | D:7      | Found a glowing silver altar of Zin.
  8342 | D:7      | Reached skill level 5 in Dodging
  8433 | D:7      | Found a staircase to the Ecumenical Temple.
  8766 | D:7      | Noticed Prince Ribbit
  8768 | D:7      | Noticed Blork the orc
  8773 | D:7      | Killed Prince Ribbit
  8778 | D:7      | Killed Blork the orc
  9156 | D:7      | Identified the cursed +1 war axe of Thuddorr {speed, rPois MP+5 Stlth+} (You found it on level 7 of the Dungeon)
  9191 | D:7      | Identified the cursed -3 robe "Utsefuh" {+Rage +Inv rF+ rC- Stlth-} (You found it on level 5 of the Dungeon)
  9205 | D:7      | Gained mutation: Your mind is acute. (Int +2) [potion of beneficial mutation]
  9206 | D:7      | Gained mutation: You are robust (+10% HP). [potion of beneficial mutation]
  9298 | D:8      | Reached skill level 10 in Conjurations
  9569 | D:8      | Found a bloodstained altar of Trog.
  9569 | D:8      | Found an iron altar of Okawaru.
  9577 | D:8      | Reached skill level 6 in Dodging
  9766 | D:8      | Reached XP level 10. HP: 58/75 MP: 22/27
 10063 | D:8      | Noticed Erolcha
 10070 | D:8      | Killed Erolcha
 10463 | D:8      | Reached skill level 7 in Spellcasting
 10469 | D:8      | Found a white marble altar of Elyvilon.
 10568 | D:8      | Got a pair of jewelled gloves
 10574 | D:8      | Identified the cursed -2 pair of gloves "Fyahueh" {*Rage +Rage rF+ Stlth+} (You found it on level 8 of the Dungeon)
 10983 | D:9      | Found a bloodstained altar of Trog.
 11334 | D:9      | Found a snail-covered altar of Cheibriados.
 11892 | D:10     | Entered Level 10 of the Dungeon
 11908 | D:9      | Reached skill level 11 in Conjurations
 12881 | D:10     | Found a staircase to the Lair.
 12884 | D:10     | Reached skill level 8 in Spellcasting
 13154 | D:10     | Killed an unseen horror
 13547 | D:10     | Noticed a hill giant
 13552 | D:10     | Killed a hill giant
 13852 | D:10     | Identified a potion of resistance
 14019 | Lair:1   | Entered Level 1 of the Lair of Beasts
 14036 | Lair:1   | Reached XP level 11. HP: 81/81 MP: 26/30
 15136 | D:11     | Killed an unseen horror
 15136 | D:11     | Reached skill level 9 in Spellcasting
 15136 | D:11     | Reached skill level 12 in Conjurations
 15430 | D:11     | hi
 15605 | D:11     | Noticed Harold
 15677 | D:11     | Killed Harold
 15844 | D:11     | Noticed a four-headed hydra
 15848 | D:11     | Killed a four-headed hydra
 16074 | D:11     | Reached skill level 1 in Fighting
 16489 | D:11     | Reached skill level 2 in Fighting
 17227 | Lair:1   | Reached skill level 3 in Fighting
 17351 | Lair:1   | Noticed Gastronok
 17359 | Lair:1   | Killed Gastronok
 17359 | Lair:1   | Reached skill level 7 in Dodging
 17617 | Lair:1   | Reached skill level 4 in Fighting
 17617 | Lair:1   | Reached XP level 12. HP: 98/100 MP: 18/32
 18266 | Lair:2   | Got a crude bone amulet
 18405 | Lair:2   | Found a frozen archway.
 18530 | IceCv    | Entered an ice cave
 18552 | IceCv    | Reached skill level 5 in Fighting
 18587 | IceCv    | Reached skill level 8 in Dodging
 19214 | IceCv    | Reached skill level 6 in Fighting
 19278 | IceCv    | Reached skill level 13 in Conjurations
 19735 | IceCv    | Noticed a frost giant
 19757 | IceCv    | oh good
 20014 | IceCv    | Killed a frost giant
 20014 | IceCv    | Reached skill level 7 in Fighting
 20443 | IceCv    | good
 20445 | IceCv    | not good
 20562 | IceCv    | Engulfed by a cloud of freezing vapour

Vanquished Creatures
  A frost giant (IceCv)
  Gastronok (Lair:1)
  Harold (D:11)
  A hydra (D:11)
  Erolcha (D:8)
  2 hill giants
  A manticore (D:11)
  2 unseen horrors
  3 centaur zombies (D:11)
  The ghost of ConnectionFaild the Covert, an experienced SpAr (D:7)
  2 spiny frogs (Lair:1)
  A komodo dragon (Lair:1)
  A fire drake (D:10)
  A queen bee (D:10)
  13 polar bears (IceCv)
  Prince Ribbit (D:7)
  A two-headed ogre (D:8)
  A trapdoor spider (D:11)
  6 blink frogs
  A water elemental (D:11)
  18 yaks
  A shadow (D:11)
  Eustachio (D:5)
  A deep elf fighter (D:5)
  2 hippogriffs
  11 wolves (IceCv)
  Edmund (D:7)
  3 water moccasins
  4 sky beasts
  5 orc warriors
  4 black bears
  A black bear (shapeshifter) (D:9)
  2 ice beasts
  2 porcupines (Lair:1)
  5 crocodiles (Lair:1)
  2 phantoms
  5 ogres
  6 centaurs
  Sigmund (D:4)
  9 giant frogs
  3 big kobolds
  Blork the orc (D:7)
  5 water moccasin zombies (Ossuary)
  5 scorpions
  28 killer bees
  3 electric eels (D:11)
  7 wights
  4 crimson imps
  3 goliath beetles
  A gnoll shaman (D:9)
  2 quasits
  13 hounds
  5 orc priests
  7 jellies
  Crazy Yiuf (D:2)
  A giant frog skeleton (D:6)
  5 iguanas
  7 orc wizards
  2 centaur skeletons
  8 worker ants
  A killer bee zombie (D:7)
  5 big kobold zombies (Ossuary)
  Jessica (D:2)
  3 hound skeletons
  3 mummies
  Robin (D:2)
  8 gnolls
  9 adders
  8 river rats (Lair:1)
  A worker ant zombie (D:5)
  3 giant mites
  12 white imps (Lair:2)
  A shadow imp (D:5)
  2 worms
  7 adder zombies
  8 giant geckos
  36 orcs
  2 ball pythons
  A bat skeleton (D:4)
  9 giant cockroaches
  2 gnoll zombies (Ossuary)
  22 hobgoblins
  7 jackals
  8 quokkas
  20 bats
  A giant cockroach zombie (D:5)
  A giant gecko skeleton (D:4)
  A giant newt (D:4)
  20 goblins
  5 hobgoblin zombies (Ossuary)
  A jackal skeleton (D:8)
  35 kobolds
  5 kobold zombies (Ossuary)
  2 orc zombies (Ossuary)
  12 rats
500 creatures vanquished.

Vanquished Creatures (others)
  A death yak (IceCv)
  3 polar bears (IceCv)
  3 yaks (IceCv)
  A plant (Lair:2)
8 creatures vanquished.

Grand Total: 508 creatures vanquished
